 Dungeon Crawl Stone Soup version 0.30.1-11-g7821555f0a (webtiles) character file.

Game seed: 12574945256917249139

872 cowcol the Covered (level 7, 0/91 HPs)
             Began as a Minotaur Fighter on Jan 7, 2024.
             Was an Initiate of Okawaru.
             Slain by a water moccasin (7 damage)
             ... on level 5 of the Dungeon.
             The game lasted 00:09:49 (4778 turns).

cowcol the Covered (Minotaur Fighter)               Turns: 4778, Time: 00:09:50

Health: 0/91       AC:  8    Str: 27    XL:     7   Next: 74%
Magic:  6/6        EV:  9    Int:  4    God:    Okawaru [......]
Gold:   329        SH:  6    Dex:  8    Spells: 6/6 levels left

rFire   . . .        a - +0 war axe
rCold   . . .        i - +2 buckler
rNeg    + . .        b - +0 scale mail
rPois   .            (helmet restricted)
rElec   .            (no cloak)
rCorr   .            (no gloves)
SInv    .            (no boots)
Will    .....        (no amulet) Stlth
                     v - ring of positive energy
HPRegen 0.35/turn    (no ring)
MPRegen 0.10/turn

%: no passive effects
@: berserking, lethally poisoned (0 -> -10), flying, very quick
A: horns 2, retaliatory headbutt, mutation resistance 1, strong 1
a: Renounce Religion


You were on level 5 of the Dungeon.
You worshipped Okawaru.
Okawaru was noncommittal.
You visited 2 branches of the dungeon, and saw 6 of its levels.

You collected 329 gold pieces.

Inventory:

Hand Weapons
 a - a +0 war axe (weapon)
Missiles
 w - 6 poisoned darts (quivered)
Armour
 b - a +0 scale mail (worn)
 c - a +0 buckler
 g - a +0 chain mail
 i - a +2 buckler (worn)
Jewellery
 v - a ring of positive energy (left hand)
Wands
 y - a wand of mindburst (11)
Scrolls
 f - 4 scrolls of teleportation
 h - a scroll of immolation {unknown}
 l - a scroll of enchant weapon {unknown}
 m - a scroll of fog
 n - a scroll of fear
 o - 2 scrolls of vulnerability
 r - 2 scrolls of enchant armour {unknown}
 s - a scroll of brand weapon {unknown}
 t - a scroll of noise {unknown}
 x - a scroll of poison {unknown}
 A - a scroll of torment {unknown}
Potions
 k - a potion of resistance {unknown}
 p - a potion of attraction {unknown}
 q - a potion of cancellation {unknown}
 z - a potion of invisibility {unknown}


   Skills:
 + Level 5.2 Fighting
 + Level 7.2 Axes
 - Level 1.0 Throwing
 + Level 7.6 Armour
 - Level 4.0 Shields


You had 6 spell levels left.
You didn't know any spells.
Your spell library contained the following spells:

 Spells                   Type           Power      Damage    Failure   Level
 Blink                    Tloc           0%         N/A       90%         2
 Lesser Beckoning         Tloc           0%         N/A       90%         2
 Dazzling Flash           Conj/Hex       0%         N/A       99%         3
 Vhi's Electric Charge    Tloc/Air       0%         N/A       99%         3
 Volatile Blastmotes      Fire/Tloc      0%         2d10      99%         3
 Iskenderun's Mystic Bla  Conj/Tloc      0%         2d3       100%        4
 Passage of Golubria      Tloc           0%         N/A       100%        4
 Arcjolt                  Conj/Air       0%         1d10      100%        5
 Plasma Beam              Fire/Air       0%         2x1d11    100%        6
 Starburst                Conj/Fire      0%         6d3       100%        6
 Maxwell's Capacitive Co  Air            0%         ∞         100%        8


Dungeon Overview and Level Annotations

Branches:
Dungeon (5/15)             Temple (1/1) D:5

Altars:
Ashenzari
Cheibriados
Dithmenos
Elyvilon
Hepliaklqana
Kikubaaqudgha
Makhleb
Nemelex Xobeh
Okawaru
Qazlal
Ru
Sif Muna
Trog
Uskayaw
Xom
Yredelemnul


Innate Abilities, Weirdness & Mutations

You have a pair of horns on your head.
You reflexively headbutt those who attack you in melee.
You are somewhat resistant to further mutation.
Your muscles are strong. (Str +4, Int/Dex -1)


Message History

You hit the water moccasin.
The water moccasin is moderately wounded.
The water moccasin barely misses you. You furiously retaliate!
You headbutt the water moccasin! You block the water moccasin's attack.
You hit the water moccasin.
Your headbutt misses the water moccasin.
The water moccasin is severely wounded.
The water moccasin barely misses you.
You closely miss the water moccasin.
The water moccasin is severely wounded.
The water moccasin bites you.
You are poisoned.
The water moccasin poisons you!
The water moccasin bites you but does no damage.
You hit the water moccasin.
The water moccasin is severely wounded.
You feel very sick. The water moccasin bites you.
* * * LOW HITPOINT WARNING * * *
You are lethally poisoned!
The water moccasin poisons you!
It was a potion of flight.
You feel very buoyant.
You fly up into the air.
* * * LOW HITPOINT WARNING * * *
You feel very sick.
The water moccasin barely misses you. x2
It was a potion of mutation.
You feel extremely strange.
You feel genetically stable.
You feel stronger.
* * * LOW HITPOINT WARNING * * *
You feel very sick. The water moccasin bites you.
* * * LOW HITPOINT WARNING * * *
It was a potion of berserk rage.
A red film seems to cover your vision as you go berserk!
You feel yourself moving faster!
You feel mighty!
* * * LOW HITPOINT WARNING * * *
You feel very sick. The water moccasin bites you!
You die...

.... ###...# ###.######..##
..... ###.# #....# #..#
#.###. #.# #.#..#####..# ...
#. #.#.#....#......#
....#.#+##
#.#.#.####.####.## ?......#
#.#......#.#...... #....#
#.###.##.#.#.##.##
#....###.###.# #.#.#....
#.....5S@...)##.#.#.#..##
......+#.###...###.#.#.#..##
###### #.# ###..##.#.#.#....
#.######.##.#.#...###
#.........#.#.#.#....
#######.#.#..........
............#.#.#.##<
#######.#.#....<..#..
#.#.#.#........


You could see a water moccasin and a white imp.

Vanquished Creatures
  An orc warrior (D:5)
  A black bear (D:5)
  An ogre (D:5)
  2 scorpions (D:4)
  4 hounds
  A gnoll bouda (D:5)
  A jelly (D:4)
  4 iguanas
  An orc wizard (D:5)
  8 gnolls
  2 adders
  A shadow imp (D:5)
  An ufetubus (D:5)
  A dart slug (D:3)
  11 orcs
  2 ball pythons
  5 bats
  3 endoplasms
  6 giant cockroaches
  4 goblins
  4 hobgoblins
  3 jackals (D:2)
  2 quokkas (D:4)
  3 frilled lizards
  10 kobolds
  7 rats
89 creatures vanquished.

Notes
Turn   | Place    | Note
-------+----------+-------------------------------------------
     0 | D:1      | cowcol the Minotaur Fighter began the quest for the Orb.
     0 | D:1      | Reached XP level 1. HP: 19/19 MP: 0/0
   219 | D:1      | Reached XP level 2. HP: 27/27 MP: 1/1
   627 | D:2      | Reached XP level 3. HP: 28/33 MP: 2/2
   889 | D:2      | Got the Quarto of Dislocation
  1137 | D:2      | Found a snail-covered altar of Cheibriados.
  1536 | D:3      | Reached XP level 4. HP: 26/40 MP: 3/3
  1568 | D:3      | HP: 1/40 [gnoll/+0 halberd (12)]
  2029 | D:3      | Found a sparkling altar of Nemelex Xobeh.
  2143 | D:4      | Noticed a scorpion
  2143 | D:4      | Noticed a scorpion
  2161 | D:4      | Reached skill level 5 in Armour
  2161 | D:4      | Reached XP level 5. HP: 47/47 MP: 4/4
  2169 | D:4      | Reached skill level 5 in Axes
  2281 | D:4      | Reached XP level 6. HP: 53/53 MP: 5/5
  2508 | D:4      | Found a broken altar of Ashenzari.
  2538 | D:4      | Found a shimmering altar of Xom.
  2538 | D:4      | Found a hazy altar of Hepliaklqana.
  2545 | D:4      | Found a bloodstained altar of Trog.
  2547 | D:4      | Found a faded altar of an unknown god.
  2549 | D:4      | Found an ancient bone altar of Kikubaaqudgha.
  3140 | D:5      | Entered Level 5 of the Dungeon
  3911 | D:5      | Noticed an orc warrior
  3914 | D:5      | Reached XP level 7. HP: 60/60 MP: 6/6
  3931 | D:5      | Reached skill level 5 in Fighting
  4257 | D:5      | Found a hide-covered altar of Uskayaw.
  4297 | D:5      | Found a staircase to the Ecumenical Temple.
  4645 | D:5      | Reached skill level 1 in Throwing
  4681 | Temple   | Entered the Ecumenical Temple
  4687 | Temple   | Became a worshipper of Warmaster Okawaru
  4777 | D:5      | Gained mutation: You are somewhat resistant to further
                  | mutation. [potion of mutation]
  4777 | D:5      | Gained mutation: Your muscles are strong. (Str +4, Int/Dex
                  | -1) [potion of mutation]
  4778 | D:5      | Slain by a water moccasin

Illustrated notes

Levels and vault maps discovered:
D:1:      wander_arrival_desolate, layout_basic
D:2:      layout_loops_corners, basic_altar
D:3:      layout_rooms, nemelex_dance_club_becter
D:4:      layout_basic, mainiacjoe_overflow_brackets,
          chequers_temple_overflow_minitemple
D:5:      layout_basic, nicolae_overflow_hidden_temple,
          minmay_temple_entry_stoned_glass, st_stairs_3
Temple:   hellmonk_temple_two_chambers

Skill      XL: |  1  2  3  4  5  6  7 |
---------------+----------------------+-----
Armour         | 4 5 6 7 |  7.6
Fighting       | 4 5 |  5.2
Shields        | 4 |  4.0
Axes           | 3 4 5 6 7 |  7.2
Throwing       | 1 |  1.0

Action                     |  1- 3 |  4- 6 |  7- 9 || total
---------------------------+-------+-------+-------++-------
  Melee: War axe           |   118 |    82 |    63 ||   263
         Headbutt          |     9 |     8 |     6 ||    23
  Throw: Dart              |       |     5 |     4 ||     9
    Use: Scroll            |     3 |     1 |       ||     4
         Potion            |     1 |       |     7 ||     8
 Armour: Scale mail        |    43 |    21 |    26 ||    90
  Dodge: Dodged            |    60 |    26 |    34 ||   120
  Block: Buckler           |    47 |    23 |    23 ||    93
